 Dungeon Crawl Stone Soup version 0.31.0-11-ge490571c62 (webtiles) character file.

Game seed: 9759228492321374849

93 qw the Shooter (level 4, -4/25 HPs)
             Began as a Deep Elf Hunter on Feb 4, 2024.
             Incinerated by a bombardier beetle (5 damage)
             ... with a burning spray
             ... on level 2 of the Dungeon.
             The game lasted 00:00:02 (686 turns).

qw the Shooter (Deep Elf Hunter)                     Turns: 686, Time: 00:00:03

Health: -4/25      AC:  3    Str: 10    XL:     4   Next: 37%
Magic:  6/6        EV: 12    Int: 14    God:
Gold:   30         SH:  0    Dex: 18    Spells: 3/3 levels left

rFire   . . .        a - +0 shortbow (freeze)
rCold   . . .        (shield currently unavailable)
rNeg    . . .        c - +0 leather armour
rPois   .            (no helmet)
rElec   .            (no cloak)
rCorr   .            (no gloves)
SInv    .            (no boots)
Will    .....        (no amulet)
Stlth   +            (no ring)
HPRegen 0.24/turn    (no ring)
MPRegen 0.10/turn

%: no passive effects
@: on fire, glowing
A: no striking features
a: no special abilities


You were on level 2 of the Dungeon.
You visited 1 branch of the dungeon, and saw 2 of its levels.

You collected 30 gold pieces.


   Skills:
 - Level 1.5 Fighting
 + Level 7.8 Ranged Weapons
 - Level 2.4 Dodging
 - Level 1.2 Stealth


You had 3 spell levels left.
You didn't know any spells.
Your spell library was empty.

Inventory:

Hand Weapons
 a - a +0 shortbow of freezing (weapon)
Armour
 c - a +0 leather armour (worn)
Potions
 g - a potion of lignification {unknown}
 i - a potion of curing {unknown}

Dungeon Overview and Level Annotations

Branches:
Dungeon (2/15)

Altars:


Message History

The quokka is heavily wounded.
You shoot an arrow. The arrow hits the quokka!
The arrow freezes the quokka.
You kill the quokka!
You shoot an arrow.
The arrow hits the bombardier beetle but does no damage.
You shoot an arrow.
The arrow hits the bombardier beetle but does no damage.
You shoot an arrow. The arrow hits the bombardier beetle!
The arrow freezes the bombardier beetle.
The bombardier beetle is heavily wounded.
You shoot an arrow. The arrow hits the bombardier beetle.
The arrow freezes the bombardier beetle.
The bombardier beetle is almost dead.
You shoot an arrow.
The arrow barely misses the bombardier beetle.
The bombardier beetle sprays incendiary fluid at you.
The burning spray hits you.
You are covered in liquid fire!
You shoot an arrow.
The arrow closely misses the bombardier beetle.
The liquid fire burns you!
You shoot an arrow.
The arrow barely misses the bombardier beetle.
The liquid fire burns you!
The bombardier beetle sprays incendiary fluid at you.
The burning spray hits you.
You are even more covered in liquid fire!
You shoot an arrow.
The arrow closely misses the bombardier beetle.
The liquid fire burns you!
You shoot an arrow. The arrow hits the bombardier beetle.
The arrow freezes the bombardier beetle.
You kill the bombardier beetle!
The liquid fire burns you!
You have reached level 4!
You feel clever.
You are on fire!
The liquid fire burns you!
You are on fire!
The liquid fire burns you!
You die...

?#.. ....
#.#.###...
#.#.....# #.#.#
#### ....#..##
#...# ###........
#:#.# ....#.....
#.##.#.######
#.#...#.#
#.##.........
#.#..#...#
#.####.######
.#.......# #.####.#
#......@.# #......#
#####.#..# #.####.#
........###%####.#
#.......#........#
#.#?.#.....#.######
##.#...#.......#
...#.^..#####.#
##......# .#
....#..# #


There were no monsters in sight!

Vanquished Creatures
  A bombardier beetle (D:2)
  3 adders (D:2)
  2 dart slugs (D:1)
  2 ribbon worms
  3 endoplasms (D:1)
  A goblin (D:2)
  2 hobgoblins (D:1)
  2 quokkas
  2 ball pythons (D:1)
  3 kobolds
  2 rats (D:1)
23 creatures vanquished.

Notes
Turn   | Place    | Note
-------+----------+-------------------------------------------
     0 | D:1      | qw the Deep Elf Hunter began the quest for the Orb.
     0 | D:1      | Reached XP level 1. HP: 12/12 MP: 3/3
     0 | D:1      | 0 ||| qw: Version: 0.3-a-160-g6735b56
     0 | D:1      | 0 ||| qw: Game counter: 5119
     0 | D:1      | 0 ||| qw: Melee chars always use a shield: true
     0 | D:1      | 0 ||| qw: God list: Okawaru
     0 | D:1      | 0 ||| qw: Allow faded altars: false
     0 | D:1      | 0 ||| qw: Do Orc after clearing Dungeon:15 true
     0 | D:1      | 0 ||| qw: Do second Lair branch before Depths: true
     0 | D:1      | 0 ||| qw: Lair rune preference: random
     0 | D:1      | 0 ||| qw: Goals: Normal
     0 | D:1      | 0 ||| PLANNING D:1-11
   189 | D:1      | Reached skill level 6 in Ranged Weapons
   189 | D:1      | Reached XP level 2. HP: 16/16 MP: 4/4
   483 | D:1      | 483 ||| READING scroll labelled ZATAVI FAMU.
   483 | D:1      | 483 ||| ENCHANTING +0 shortbow.
   484 | D:1      | 484 ||| READING scroll labelled NAHUHE TUTSAL.
   488 | D:1      | 488 ||| READING scroll labelled NAMYMIA TUUD.
   489 | D:1      | 489 ||| READING scroll labelled JEFAPI UZXUF.
   489 | D:1      | 489 ||| BRANDING +0 shortbow.
   490 | D:1      | 490 ||| READING scroll labelled XAKLODI EMUET.
   491 | D:1      | 491 ||| DROPPING scroll of butterflies.
   535 | D:2      | Reached XP level 3. HP: 15/20 MP: 5/5
   657 | D:2      | Reached skill level 7 in Ranged Weapons
   684 | D:2      | HP: 2/20 [burnt (4)]
   685 | D:2      | Reached XP level 4. HP: 4/25 MP: 6/6
   686 | D:2      | Incinerated by a bombardier beetle

Levels and vault maps discovered:
D:1:      shiori_shiawase, layout_rooms, st_stairs_11, nicolae_wormholes
D:2:      layout_loops_ring, minmay_increasing_density

Skill      XL: |  1  2  3 |
---------------+----------+-----
Ranged Weapons | 6 7 |  7.8
Fighting       | |  1.5
Dodging        | |  2.4
Stealth        | |  1.2

Action                     |  1- 3 |  4- 6 || total
---------------------------+-------+-------++-------
   Fire: Shortbow          |    68 |       ||    68
    Use: Scroll            |     5 |       ||     5
 Armour: Leather armour    |    12 |       ||    12
  Dodge: Dodged            |     6 |       ||     6

Table legend:
 A = Non-vault XP
 B = Vault XP
 C = Vault XP percentage of total XP
 D = Non-vault monster count
 E = Vault monster count
 F = Vault count percentage of total count
                 A         B        C        D         E       F
            +---------+---------+-------+---------+---------+-------
      Total |      66 |      68 |  50.7 |      17 |       6 |  26.1
            +---------+---------+-------+---------+---------+-------
        D:1 |      17 |      14 |  45.2 |      10 |       5 |  33.3
        D:2 |      49 |      54 |  52.4 |       7 |       1 |  12.5
            +---------+---------+-------+---------+---------+-------
